 Dungeon Crawl Stone Soup version 0.32-a0-163-g159c032 (webtiles) character file.

Game seed: 7605746349873767420

58 Toastz the Trooper (level 4, 0/49 HPs)
             Began as an Oni Fighter on Feb 11, 2024.
             Killed from afar by an orc wizard (10 damage)
             ... with a puff of flame
             ... on level 3 of the Dungeon.
             The game lasted 00:03:57 (1791 turns).

Toastz the Trooper (Oni Fighter)                    Turns: 1791, Time: 00:03:57

Health: 0/49       AC:  3    Str: 22    XL:     4   Next: 2%
Magic:  13/13      EV:  8    Int: 15    God:
Gold:   92         SH:  7    Dex:  8    Spells: 3/3 levels left

rFire   . . .        a - +0 flail
rCold   . . .        c - +0 kite shield
rNeg    . . .        b - +0 robe
rPois   .            (helmet restricted)
rElec   .            (no cloak)
rCorr   .            (gloves unavailable)
SInv    .            (boots unavailable)
Will    .....        (no amulet)
Stlth   +            h - +6 ring of intelligence
HPRegen 0.28/turn    o - ring of magical power
MPRegen 0.13/turn

%: no passive effects
@: no status effects
A: large, unfitting armour, horns 1, tough skin 1, double potion healing,
drunken brawling
a: no special abilities


You were on level 3 of the Dungeon.
You visited 1 branch of the dungeon, and saw 3 of its levels.

You collected 92 gold pieces.

Inventory:

Hand Weapons
 a - a +0 flail (weapon)
Missiles
 i - 2 poisoned darts (quivered)
Armour
 b - a +0 robe (worn)
 c - a +0 kite shield (worn)
Jewellery
 h - a +6 ring of intelligence (left hand)
 o - a ring of magical power (right hand)
Scrolls
 e - a scroll of poison
 j - a scroll of enchant weapon {unknown}
 k - a scroll of blinking {unknown}
 l - a scroll of butterflies {unknown}
Potions
 d - a potion of might
 f - 2 potions of curing
 m - a potion of heal wounds {unknown}
 n - a potion of ambrosia {unknown}
 p - a potion of haste {unknown}


   Skills:
 + Level 4.5 Fighting
 * Level 3.0 Maces & Flails
 + Level 3.0 Dodging
 + Level 3.1 Shields


You had 3 spell levels left.
You didn't know any spells.
Your spell library contained the following spells:

 Spells                   Type           Power      Damage    Failure   Level
 Slow                     Hex            0%         N/A       52%         1
 Call Imp                 Summ           0%         N/A       67%         2
 Sublimation of Blood     Necr           0%         N/A       67%         2
 Confusing Touch          Hex            0%         N/A       88%         3
 Sigil of Binding         Hex            0%         N/A       88%         3
 Vampiric Draining        Necr           0%         2d6       88%         3
 Summon Hydra             Summ           0%         N/A       100%        7


Dungeon Overview and Level Annotations

Branches:
Dungeon (3/15)

Altars:


Innate Abilities, Weirdness & Mutations

You are too large for most types of armour.
You have a pair of small horns on your head.
You have tough skin. (AC +1)
You gain doubled healing and magic from potions.
Whenever you drink a healing potion, you attack all around you.


Message History

The endoplasm barely misses you.
You sock the endoplasm!
You kill the endoplasm!
As you open the large door, it creaks loudly!
You hear a shout! x3
Found 8 gold pieces.
An orc comes into view. It is wielding a +0 trident.
The orc shouts!
There is a large open door here.
An orc wizard and 2 orcs come into view.
The orc shouts! x2
There is a large open door here.
You see here 8 gold pieces.
The orc wizard points at you and mumbles some strange words.
The magic dart hits you. You block the orc's attack.
The orc hits you from afar with a +0 trident.
You block the orc's attack.
You see here 8 gold pieces.
The orc hits you from afar with a +0 trident!
There is a large open door here.
The orc wizard mumbles some strange words.
The orc wizard flickers and vanishes!
Deactivating autopickup; reactivate with Ctrl-A.
The orc attacks as it pursues you!
The orc hits you from afar with a +0 trident!
There is a large open door, spattered with blood here.
You sock the orc!
You kill the orc!
The orc hits you but does no damage.
You have reached level 4!
You closely miss something. You headbutt something.
Something hits you but does no damage.
The orc hits you from afar with a +0 trident. x2
* * * LOW HITPOINT WARNING * * *
The orc hits you from afar with a +0 trident.
* * * LOW HITPOINT WARNING * * *
You hear some strange, mumbled words.
A puff of flame appears from out of thin air!
The puff of flame hits you!
You die...

#... ######### ###.#.
#.......# #...#. #.......#
#.###† #.......# #...#.
#.......# ###.#.
#.......########### #.#.
#......o##....<...#####.#.
+......o{@................
#.......##....###.#####.##
#.......##....# #.# #...
##########....# #.# #.##
#...[# #.#####... ######
#.......## ##....>)..
###†####### #...#


You could see 2 orcs.

Vanquished Creatures
  An adder (D:3)
  2 orcs (D:3)
  5 bats
  6 endoplasms
  2 giant cockroaches
  5 goblins
  4 hobgoblins
  4 jackals (D:2)
  A kobold (D:2)
  2 quokkas
  2 ball pythons (D:1)
  4 frilled lizards
  4 rats
42 creatures vanquished.

Notes
Turn   | Place    | Note
-------+----------+-------------------------------------------
     0 | D:1      | Toastz the Oni Fighter began the quest for the Orb.
     0 | D:1      | Reached XP level 1. HP: 24/24 MP: 1/1
   153 | D:1      | Reached XP level 2. HP: 32/32 MP: 2/2
   990 | D:2      | Reached XP level 3. HP: 39/39 MP: 3/3
  1791 | D:3      | Reached XP level 4. HP: 18/49 MP: 4/4
  1791 | D:3      | Killed from afar by an orc wizard

Illustrated notes

Levels and vault maps discovered:
D:1:      minmay_arrival_open_corners, layout_loops_ring, minivault_24
D:2:      kb_forest_paths, layout_loops_ring, mrwooster_statue_mirror
D:3:      layout_basic, cheibrodos_sewer_entry_bend

Skill      XL: |  1  2  3 |
---------------+----------+-----
Shields        | 3 |  3.1
Dodging        | 3 |  3.0
Maces & Flails | 3 |  3.0
Fighting       | |  4.5

Action                     |  1- 3 |  4- 6 || total
---------------------------+-------+-------++-------
  Melee: Flail             |    97 |     1 ||    98
         Headbutt          |     7 |     1 ||     8
    Use: Scroll            |     2 |       ||     2
   Stab: Sleeping          |     1 |       ||     1
 Armour: Robe              |    66 |     5 ||    71
  Dodge: Dodged            |    27 |       ||    27
  Block: Kite shield       |    46 |       ||    46

Table legend: (Time is in decaauts)
 A = Elapsed time spent in this place.
 B = Non-inter-level travel time spent in this place.
 C = Inter-level travel time spent in this place.
 D = Time resting spent in this place.
 E = Time spent auto-exploring this place.
 F = Levels seen in this place.
 G = Mean time per level.
                   A        B        C        D        E       F      G
               +--------+--------+--------+--------+--------+-----+--------+
         Total |   1829 |   1790 |     39 |      0 |   1253 |   3 |  609.7 |
       Dungeon |   1829 |   1790 |     39 |      0 |   1253 |   3 |  609.7 |
               +--------+--------+--------+--------+--------+-----+--------+

Top non-repeatable levels by time:
     D:2: 734 daAuts
     D:1: 666 daAuts
     D:3: 427 daAuts
